Fragmites, neutral male gnomish Wizard --------------- |.............-#### |.............| ##`------- |.............| #|`.... |.<............######|.... |.............| ##|...----- --------------- #|...|.{.| #|..`a{@{| @a%%.| #|...- #|..... #|`.!..... #---------- ### Fragmites the Wizard Experience level: 6 Strength: 14 Dexterity: 10 Constitution: 13 Intelligence: 20 Wisdom: 14 Charisma: 7 Health: 0(46) Energy: 73(82) Def: 1 Gold: 987 Moves: 3533 Dungeon seed [set]: Game ID: Fragmites_1702143434 Your Inventory: Coins $ - 987 gold pieces Weapons a - a blessed +1 quarterstaff f - an uncursed +2 aklys (alternate weapon; not wielded) Q - 5 uncursed +0 daggers (wielded) Armor r - an uncursed +1 orcish helm s - an uncursed +0 cloak of magic resistance (being worn) y - an uncursed +0 orcish helm Comestibles d - an uncursed lichen corpse v - an uncursed eucalyptus leaf C - 2 uncursed lembas wafers M - 2 uncursed apples Scrolls c - an uncursed scroll of scare monster i - an uncursed scroll of teleportation w - an uncursed scroll of remove curse E - a cursed scroll of identify F - a cursed scroll of light G - a cursed scroll of destroy armor X - an uncursed scroll of punishment Potions b - an uncursed potion of confusion g - a potion of unholy water Z - a cursed potion of hallucination Wands B - an uncursed wand of enlightenment (0:12) V - an uncursed wand of striking (0:3) Tools e - an uncursed lock pick h - an uncursed door key m - an uncursed sack P - an uncursed bronze key Spells and supernatural/magical abilities: Name Level Category Fail Memory a - force bolt 1 attack 0% 83% b - dig 2 matter 29% 86% E - detect food 2 divination 29% 83% W - pray for help -- divine ? -- Your skills at the end: Miscellaneous Skills wands [Basic] Weapon Skills quarterstaff [Basic] crossbow [Basic] Spellcasting Skills attack spells [Basic] enchantment spells [Basic] Final Attributes: You were devoutly aligned. You were magic-protected. Your writing hand was ok. You had infravision. You were stealthy. You were lucky. You are dead. Vanquished creatures: 2 small mimics a leprechaun a blue jelly a baby crocodile a straw golem 3 giant ants a floating eye an iguana a rabid rat 2 wererats 4 coyotes a gas spore 2 acid blobs 3 geckos 2 hobgoblins 3 giant rats 2 brown molds 5 yellow molds a red mold a gnome 3 manes 2 jackals 2 foxes a kobold 6 newts 4 goblins 7 grid bugs 3 bats 2 lichens a kobold zombie 69 creatures vanquished. Voluntary challenges: You did not adorn yourself with jewelry or accessories. You did not cause conflict. You were not invisible. You did not have reflection. You were not displaced. You had been an atheist until turn 1811. You did not donate to any temples.. You used a wielded weapon 88 times, starting on turn 1. You did not apply a unicorn horn. You did not use plumbed fixtures. You did not drink any magical draughts. You read items or engraved 11 times, starting on turn 143. You never genocided any monsters. You never polymorphed an object. You never changed form. You used no wishes. You did not use any artifacts. You never split a pudding. You never wrote Elbereth's name. You never violated your personal moral code. Dungeon overview: The Dungeons of Doom: levels 1 to 7 Level 1 some fountains a long staircase Level 2 a vault, a general store, some fountains portal to Advent Calendar Level 3 a vault, a potion shop, a fountain stairs to The Gnomish Mines Level 4 a delicatessen, a fountain Level 5 an altar to Thoth, some fountains Level 6 a vault Level 7 <- You were here some fountains The Gnomish Mines: levels 4 to 5 Level 4 stairs to The Dungeons of Doom Level 5 Advent Calendar: Level 4 many trees portal to The Dungeons of Doom History has recorded: On T:1 you entered the Dungeons of Doom to retrieve the Amulet of Yendor! On T:319 you reached level 2 of The Dungeons of Doom. On T:363 you reached level 1 of Advent Calendar. On T:374 you advanced to experience level 2. On T:955 you reached level 3 of The Dungeons of Doom. On T:1005 you advanced to experience level 3. On T:1526 you reached level 4 of The Dungeons of Doom. On T:1566 you advanced to experience level 4. On T:1673 you reached level 5 of The Dungeons of Doom. On T:1730 you advanced to experience level 5. On T:1811 you prayed to Thoth. On T:2525 you reached level 1 of The Gnomish Mines. On T:2559 you reached level 2 of The Gnomish Mines. On T:2571 you prayed to Thoth. On T:2975 you reached level 6 of The Dungeons of Doom. On T:3426 you reached level 7 of The Dungeons of Doom. On T:3430 you advanced to experience level 6. Score breakdown: Gold: 987 ( 98 points) Experience: 6 levels ( 500 points) Exploration: 7 levels ( 180 points) Discoveries: 18 items ( 900 points) Variety of kills: 30 monsters ( 1500 points) Major goal: (nothing yet) ( 0 points) Survival: died (score multiplied by 3) Total score: 9534 Latest messages: You kill the giant rat! The spell misses the jackal. The spell hits the giant ant! You kill the giant ant! The jackal bites! The spell hits the jackal! You kill the jackal! The spell hits the acid blob! You kill the acid blob! There is an open door here. There are a few objects here. The giant ant bites! A magenta potion shatters! You smell a peculiar odor... Something seems to be holding you. The spell hits the giant ant! (2x) The giant ant bites! (4x) You die... The sack is empty. Final status: Goodbye Fragmites the Wizard, killed by a giant ant, while frozen by potion vapours... You died in The Dungeons of Doom on dungeon level 7 with 9534 points, and 987 pieces of gold, after 3533 moves. You were level 6 with a maximum of 46 hit points when you died.